 Dungeon Crawl Stone Soup version 0.27-a0-1188-g73eefd5def (webtiles) character file.

Game seed: 3203253990919292080

7 chippings the Sneak (level 1, 0/16 HPs)
             Began as a Mummy Brigand on May 20, 2021.
             Slain by a bat (1 damage)
             ... on level 1 of the Dungeon.
             The game lasted 00:00:36 (179 turns).

chippings the Sneak (Mummy Brigand)                  Turns: 179, Time: 00:00:36

Health: 0/16       AC:  3    Str: 14    XL:     1   Next: 91%
Magic:  1/1        EV: 11    Int: 10    God:
Gold:   0          SH:  0    Dex: 13    Spells: 0/0 levels left

rFire    x . .     SeeInvis .   a - +2 dagger
rCold    + . .     Faith    .   (no shield)
rNeg     + + +     Spirit   .   b - +0 robe
rPois    ∞         Reflect  .   (no helmet)
rElec    .         Harm     .   c - +0 cloak
rCorr    .         Rampage  .   (no gloves)
Will     .....                  (no boots)
Stlth    ++........             (no amulet)
HPRegen  0.05/turn              (no ring)
MPRegen  0.07/turn              (no ring)

@: no status effects
A: cold resistance 1, negative energy resistance 3, torment resistance 2, heat
vulnerability 1, no potions
a: no special abilities


You were on level 1 of the Dungeon.
You visited 1 branch of the dungeon, and saw 1 of its levels.

Inventory:

Hand Weapons
 a - a +2 dagger (weapon)
Missiles
 d - 7 poisoned darts (quivered)
 e - 2 curare-tipped darts
Armour
 b - a +0 robe (worn)
 c - a +0 cloak (worn)


   Skills:
 - Level 2.0 Fighting
 + Level 1.6 Short Blades
 + Level 1.5 Throwing
 + Level 0.8 Dodging
 + Level 3.6 Stealth


You couldn't memorise any spells.
You didn't know any spells.
Your spell library was empty.

Dungeon Overview and Level Annotations

Branches:
Dungeon (1/15)

Altars:


Innate Abilities, Weirdness & Mutations

You are immune to poison.
Your flesh is cold resistant. (rC+)
You are immune to negative energy. (rN+++)
You are immune to unholy pain and torment.
You are vulnerable to heat. (rF-)
You do not drink.


Message History

You hit the jackal.
The jackal is moderately wounded.
The jackal barely misses you.
You hit the jackal.
You kill the jackal!
The bat barely misses you.
You hit the jackal.
The jackal is almost dead.
The jackal bites you but does no damage.
You hit the jackal.
You kill the jackal!
The bat hits you but does no damage. The bat hits you.
* * * LOW HITPOINT WARNING * * *
The rat closely misses you.
There is an open door, spattered with blood here.
You see here a hobgoblin corpse.
The bat hits you but does no damage. The rat misses you.
The rat barely misses you.
There is an open door, spattered with blood here.
You see here a hobgoblin corpse.
The bat closely misses you.
You closely miss the bat. The bat hits you.
* * * LOW HITPOINT WARNING * * *
You hit the rat.
You kill the rat!
The bat barely misses you.
There is an open door, spattered with blood here.
You see here a hobgoblin corpse.
The bat barely misses you.
A bat is nearby!
You closely miss the bat. The bat hits you but does no damage.
Throw: 8 darts (poison)
Press: ? - help, Q - select action, (/) - cycle Shift-Dir - straight line, f - bat
Aim: a bat (42% to hit)
You throw a poisoned dart. The poisoned dart hits the bat.
The bat is poisoned.
The bat closely misses you.
Unknown command.
The bat closely misses you. The bat hits you.
You die...

#####.. #.....#.+...'..
.......+..#.#####.<.###
.......# #.#...'...'.#
......####[#.####+##..
......##...#.####.####
#...#(###.#........
#...†##...#.######.
#..b.##.###.!....#.
#.@...#...######.#.
#.....###..#.....#.
#.......##.#.#####.
#...⌠....'##...# ##
...........###'###.
.#..................
###..................
....#.............. #
#.#############


You could see a bat (poisoned).

Vanquished Creatures
  A hobgoblin (D:1)
  4 jackals (D:1)
  A rat (D:1)
6 creatures vanquished.

Notes
Turn   | Place    | Note
-------+----------+-------------------------------------------
     0 | D:1      | chippings the Mummy Brigand began the quest for the Orb.
     0 | D:1      | Reached XP level 1. HP: 16/16 MP: 1/1
   179 | D:1      | Slain by a bat

Illustrated notes

Levels and vault maps discovered:
D:1:      nicolae_arrival_somewhat_less_tricky_arrival, layout_basic

Action                   || total
-------------------------++-------
Melee: Dagger            ||    31
Throw: Dart              ||     1
Armor: Robe              ||    12
Dodge: Dodged            ||    20

Table legend: (Time is in decaauts)
 A = Elapsed time spent in this place.
 B = Non-inter-level travel time spent in this place.
 C = Inter-level travel time spent in this place.
 D = Time resting spent in this place.
 E = Time spent auto-exploring this place.
 F = Levels seen in this place.
 G = Mean time per level.
                   A        B        C        D        E       F      G
               +--------+--------+--------+--------+--------+-----+--------+
         Total |    176 |    176 |      0 |      0 |    123 |   1 |  176.0 |
       Dungeon |    176 |    176 |      0 |      0 |    123 |   1 |  176.0 |
               +--------+--------+--------+--------+--------+-----+--------+

Top non-repeatable levels by time:
     D:1: 176 daAuts
